 Dungeon Sprint DCSS version 0.29.0 (webtiles) character file.

Game seed: 1100374046943980875

3647 enile the Fighter (level 10, -13/94 HPs)
             Began as a Formicid Fighter on Aug 25, 2022.
             Was a Follower of Uskayaw.
             Killed from afar by a war gargoyle (31 damage)
             ... with a spray of metal splinters
             ... in the Dungeon (Sprint V: "Ziggurat Sprint").
             The game lasted 00:06:50 (929 turns).

enile the Fighter (Formicid Fighter)                 Turns: 929, Time: 00:06:51

Health: -13/94     AC: 22    Str: 26    XL:     10   Next: 33%
Magic:  0/17       EV:  1    Int: 13    God:    Uskayaw [*.....]
Gold:   0          SH: 31    Dex: 17    Spells: 13/19 levels left

rFire   + + +      SeeInvis +   D - +7 great mace "Firestarter" {inner flame, rF++}
rCold   + . .      Faith    .   E - +18 shield of the Gong {rElec rN+ Will+ EV-5}
rNeg    + . .      Spirit   .   H - +5 gold dragon scales
rPois   +          Reflect  .   (helmet unavailable)
rElec   +          Harm     .   (no cloak)
rCorr   .          Rampage  .   (no gloves)
Will    ++...                   K - +0 pair of boots {Fly}
Stlth   ..........              (no amulet)
HPRegen 0.25/turn               u - +6 ring of strength
MPRegen 0.15/turn               q - +6 ring of dexterity

@: flying, studying 5 skills, invisible
A: permanent stasis, dig shafts and tunnels, antennae 3, four strong arms,
clumsy 1, no potion heal 1
a: Dig, Renounce Religion, Stomp


You were in the Dungeon.
You worshipped Uskayaw.
Uskayaw was noncommittal.
You visited 1 branch

Inventory:

Hand Weapons
 a - a +1 war axe
 A - the +10 dark maul {vorpal}
   (You found it in the Dungeon)

   It inflicts extra damage upon your enemies.
 B - the +9 heavy crossbow "Sniper" {vorpal, Acc+∞ SInv}
   (You found it in the Dungeon)

   Any ammunition fired from it inflicts extra damage upon your enemies.
   Any ammunition fired from it never misses its target.
   SInv:      It lets you see invisible.
 C - the +14 obsidian axe {vorpal, Mesm Drain Fly SInv}
   (You found it in the Dungeon)

   It inflicts extra damage upon your enemies.
   It occasionally summons demons to assist the wielder when it strikes in
   combat.
   Its wielder is mesmerised by any visible foes.
   It cannot be unequipped while any foes are visible.
   SInv:      It lets you see invisible.
   Fly:       It grants you flight.
   Drain:     It drains your maximum health when unequipped.
 D - the +7 great mace "Firestarter" (weapon) {inner flame, rF++}
   (You found it in the Dungeon)

   It burns those it strikes, dealing additional fire damage.
   It fills those it strikes with an explosive inner flame.
   It grants immunity to clouds of flame.
   rF:        It greatly protects you from fire.
Armour
 b - a +0 scale mail
 c - a +0 buckler
 E - the +18 shield of the Gong (worn) {rElec rN+ Will+ EV-5}
   (You found it in the Dungeon)

   It is deafeningly noisy when blocking attacks.
   EV:        It affects your evasion (-5).
   rElec:     It insulates you from electricity.
   rN:        It protects you from negative energy.
   Will:      It increases your willpower.
 F - a +3 tower shield
 G - a +5 crystal plate armour
 H - +5 gold dragon scales (worn)
 K - a +0 pair of boots of flying (worn)
 O - a +0 kite shield of protection
 Q - the +3 ring mail "Meydag" {rPois Will+ Stlth+}
   (You found it in the Dungeon)

   rPois:     It protects you from poison.
   Will:      It increases your willpower.
   Stlth:     It makes you more stealthy.
Jewellery
 p - a ring of flight
 q - a +6 ring of dexterity (right hand)
 r - a +6 ring of dexterity
 s - a +6 ring of intelligence
 t - a +6 ring of intelligence
 u - a +6 ring of strength (left hand)
 v - a +6 ring of strength
 N - the amulet of Ecirriepum {Reflect Will+ SH+5}
   (You found it in the Dungeon)

   [amulet of reflection]

   It reflects blocked missile attacks.
   SH:        It affects your SH (+5).
   Will:      It increases your willpower.
 P - a ring of resist corrosion
 S - a ring of magical power
Wands
 w - a wand of mindburst (7)
 x - a wand of iceblast (7)
 y - a wand of quicksilver (6)
Scrolls
 l - 4 scrolls of amnesia
 m - 6 scrolls of fog
 n - 5 scrolls of identify
 o - a scroll of fear (quivered)
 J - a scroll of brand weapon
 L - 3 scrolls of enchant weapon
Potions
 d - 6 potions of might
 e - 10 potions of curing
 f - 11 potions of heal wounds
 g - 7 potions of magic
 h - 2 potions of brilliance
 i - a potion of invisibility
 j - 3 potions of resistance
Miscellaneous
 k - a phantom mirror
 z - a lightning rod (4/4)
 I - a condenser vane
 M - a phial of floods
 R - a phantom mirror


   Skills:
 - Level 14.0 Fighting
 - Level 6.0(7.5) Axes
 - Level 6.9(8.0) Maces & Flails
 + Level 7.3 Armour
 - Level 6.0 Dodging
 - Level 12.0 Shields
 - Level 5.0 Spellcasting
 - Level 10.0 Earth Magic
 - Level 5.0 Invocations
 - Level 10.0 Evocations


You had 13 spell levels left.
You knew the following spells:

 Your Spells              Type           Power      Damage    Failure   Level
a - Iron Shot             Conj/Erth      8%         9d3       100%        6

Your spell library contained the following spells:

 Spells                   Type           Power      Damage    Failure   Level
 Summon Small Mammal      Summ           12%        N/A       100%        1
 Call Imp                 Summ           3%         N/A       100%        2
 Frozen Ramparts          Ice            6%         1d1       100%        3
 Airstrike                Air            1%         2d(1-17)  100%        4
 Animate Armour           Summ/Erth      32%        N/A       100%        4
 Corpse Rot               Necr/Pois/Air  3%         N/A       100%        4
 Dispel Undead            Necr           3%         3d7       100%        4
 Fulminant Prism          Conj/Hex       1%         3d6       100%        4
 Iskenderun's Mystic Bla  Conj/Tloc      3%         2d3       100%        4
 Summon Lightning Spire   Summ/Air       3%         N/A       100%        4
 Blade Hands              Tmut           1%         N/A       100%        5
 Lee's Rapid Deconstruct  Erth           14%        3d10*     100%        5
 Lightning Bolt           Conj/Air       1%         1d12      100%        5
 Summon Forest            Summ/Tloc      1%         N/A       100%        5
 Summon Mana Viper        Hex/Summ       3%         N/A       100%        5
 Death Channel            Necr           1%         N/A       100%        6
 Summon Cactus Giant      Summ           1%         N/A       100%        6


Dungeon Overview and Level Annotations

Branches:
Dungeon (1/1)

Altars:
Ashenzari
Cheibriados
Dithmenos
Elyvilon
Fedhas
Gozag
Hepliaklqana
Kikubaaqudgha
Makhleb
Nemelex Xobeh
Okawaru
Qazlal
Ru
Sif Muna
Trog
Uskayaw
Vehumet
Wu Jian
Xom
Yredelemnul
Zin
The Shining One
Jiyva
Lugonu


Innate Abilities, Weirdness & Mutations

You cannot be hasted, slowed, berserked, paralysed or teleported.
You can dig through walls and to a lower floor.
You have a pair of large antennae on your head. (SInv)
Your four strong arms can wield two-handed weapons with a shield.
You are clumsy. (Dex -2)
Potions are less effective at restoring your health.


Message History

The spray of metal splinters hits you!
Your system partially rejects the healing.
You feel much better.
Okay, then.
Okay, then.
Nothing appears to happen.
The quicksilver elemental hits you.
You feel your power leaking away.
Okay, then.
Okay, then.
Read: 2 scrolls of fear
Press: ? - help, Q - select action, (/) - cycle Dir - look around, f - activate Look: a war gargoyle, wielding a +0 flail (grey smoke, not susceptible)
Okay, then.
Unknown command.
Okay, then.
Okay, then.
As you read the scroll of fear, it crumbles to dust.
You assume a fearsome visage.
The war gargoyle is unaffected.
The tormentor looks frightened!
The war gargoyle is unaffected.
The quicksilver elemental is unaffected.
The war gargoyle is unaffected.
The ancient champion is unaffected.
You block the quicksilver elemental's attack.
PANG!
The war gargoyle launches metal splinters at you.
The spray of metal splinters hits you but does no damage.
The war gargoyle hits you with a +0 morningstar!
The war gargoyle hits you with a +0 flail!
* * * LOW HITPOINT WARNING * * *
You block the war gargoyle's attack.
GONNNNG!
Okay, then.
Okay, then.
You fade into invisibility!
The war gargoyle hits you with a +0 morningstar.
* * * LOW HITPOINT WARNING * * *
You block the war gargoyle's attack.
BOUMMMMG!
The war gargoyle launches metal splinters at you.
The spray of metal splinters hits you!!
You die...

{ { ▓..||)))..▓
▓..9})?}..▓..†..[[..▓
▓..{D{....▓.........▓
▓.....zz..▓.........▓
▓..2......▓.........▓
▓....§{§..▓....†....▓
▓..§§§zz§.▓.▓..†..▓.▓
▓.▓.§9E9▓.▓....©....▓
▓...§9@§§.▓▓▓▓▓▓▓▓▓▓▓
▓▓▓▓▓▓▓▓▓▓▓ {


{{{{{{{{{{{{{{{{{{ {{{{{{{ {{{{{{{{{{ {{{{{{{ {{{{{{{{{{ {{{{{ You could see a
quicksilver elemental, 2 ancient champions and 3 war gargoyles.

Vanquished Creatures
  A wretched star (D)
  A wolf spider (D)
  A rust devil (D)
  2 tarantellas (D)
  A spriggan (D)
  2 air elementals (D)
  A small abomination (D)
  A neqoxec (D)
  A redback (D)
  An orc warrior (D)
  3 black bears (D)
  2 wolves (D)
  4 scorpions (D)
  A quasit (D)
  2 orc priests (D)
  3 iron imps (D)
  An iguana (D)
  An orc wizard (D)
  4 mummies (D)
  2 river rats (D)
  2 shadow imps (D)
  4 white imps (D)
  3 ufetubi (D)
  4 orcs (D)
  2 bat zombies (D)
  A jackal (D)
  A ball python skeleton (D)
  A ball python zombie (D)
53 creatures vanquished.

Vanquished Creatures (collateral kills)
  A scorpion (D)
1 creature vanquished.

Grand Total: 54 creatures vanquished

Notes
Turn   | Place    | Note
-------+----------+-------------------------------------------
     0 | D        | enile the Formicid Fighter began the quest for the Orb.
     0 | D        | Reached XP level 1. HP: 18/18 MP: 1/1
     0 | D        | Found a shimmering blue altar of Sif Muna.
     0 | D        | Found a sacrificial altar of Ru.
     0 | D        | Found a bloodstained altar of Trog.
     0 | D        | Found a stormy altar of Qazlal.
     0 | D        | Found an iron altar of Okawaru.
     0 | D        | Found a sparkling altar of Nemelex Xobeh.
     0 | D        | Found a blossoming altar of Fedhas.
     0 | D        | Found the +6 Majin-Bo {vamp, MP+6 Int+6}
     0 | D        | Found the +9 heavy crossbow "Sniper" {vorpal, Acc+∞ SInv}
     0 | D        | Found the +10 dark maul {vorpal}
     0 | D        | Found the +15 Maxwell's patent armour {-Cast -Tele rElec
                  | Will+ rCorr}
     0 | D        | Found the +18 shield of the Gong {rElec rN+ Will+ EV-5}
     0 | D        | Found the +14 obsidian axe {vorpal, Mesm Drain Fly SInv}
     0 | D        | Found the +7 great mace "Firestarter" {inner flame, rF++}
     0 | D        | Found the +6 shillelagh "Devastator" {shatter}
     0 | D        | Found the +11 plutonium sword {Contam Stlth-}
     0 | D        | Found the +8 lance "Wyrmbane" {slay drac, rPois rF+ rC+
                  | AC+3}
     0 | D        | Found the +9 sword of Zonguldrok {reap}
     0 | D        | Found the +13 scythe of Curses {drain, Drain}
     0 | D        | Found the +5 sword of Power {vorpal}
     0 | D        | Found the +7 mace of Variability {chain chaos}
     0 | D        | Found the +7 Singing Sword {vorpal, sonic wave}
     0 | D        | Found the +8 storm bow {elec, penet}
     2 | D        | Found a transporter.
     2 | D        | Found an ancient bone altar of Kikubaaqudgha.
     2 | D        | Found a viscous altar of Jiyva.
     2 | D        | Found a corrupted altar of Lugonu.
     2 | D        | Found a hazy altar of Hepliaklqana.
     2 | D        | Found a burning altar of Makhleb.
     2 | D        | Found an opulent altar of Gozag.
    99 | D        | Became a worshipper of Uskayaw the Reveller
   112 | D        | Reached skill level 6 in Fighting
   112 | D        | Reached skill level 5 in Evocations
   112 | D        | Reached XP level 2. HP: 29/29 MP: 2/2
   113 | D        | Entered arena 2.
   113 | D        | Noticed an air elemental
   113 | D        | Noticed an air elemental
   113 | D        | Found a transporter.
   115 | D        | Reached * piety under Uskayaw
   120 | D        | Killed an air elemental
   120 | D        | Killed an air elemental
   120 | D        | Reached ** piety under Uskayaw
   121 | D        | Reached skill level 9 in Fighting
   121 | D        | Reached XP level 3. HP: 29/39 MP: 3/3
   121 | D        | Reached XP level 4. HP: 34/46 MP: 4/4
   121 | D        | Reached XP level 5. HP: 39/52 MP: 5/5
   121 | D        | Reached XP level 6. HP: 44/58 MP: 6/6
   185 | D        | Entered arena 3.
   185 | D        | Found a transporter.
   204 | D        | Entered arena 4.
   204 | D        | Noticed a neqoxec
   204 | D        | Found a transporter.
   206 | D        | Gained mutation: Potions are less effective at restoring
                  | your health. [a neqoxec]
   208 | D        | Gained mutation: You are clumsy. (Dex -2) [a neqoxec]
   209 | D        | Killed a neqoxec
   209 | D        | Reached *** piety under Uskayaw
   210 | D        | Reached skill level 10 in Fighting
   210 | D        | Reached skill level 5 in Invocations
   210 | D        | Reached skill level 1 in Dodging
   210 | D        | Reached XP level 7. HP: 66/66 MP: 6/10
   211 | D        | Reached **** piety under Uskayaw
   233 | D        | Learned a level 6 spell: Iron Shot
   233 | D        | Entered arena 5.
   233 | D        | Found a transporter.
   256 | D        | Entered arena 6.
   256 | D        | Found a transporter.
   288 | D        | Entered arena 7.
   288 | D        | Noticed a spriggan
   290 | D        | Found a transporter.
   290 | D        | Killed a spriggan
   291 | D        | Reached skill level 10 in Shields
   291 | D        | Reached XP level 8. HP: 72/72 MP: 11/11
   294 | D        | Reached skill level 5 in Earth Magic
   325 | D        | Got Raperiofe's Commentary on the Called Winter
   337 | D        | Entered arena 8.
   337 | D        | Noticed a small abomination
   337 | D        | Noticed a rust devil
   339 | D        | Found a transporter.
   343 | D        | Killed a small abomination
   349 | D        | Killed a rust devil
   350 | D        | Reached skill level 5 in Spellcasting
   350 | D        | Reached skill level 11 in Fighting
   350 | D        | Reached XP level 9. HP: 43/81 MP: 12/16
   351 | D        | Reached ***** piety under Uskayaw
   548 | D        | Got the amulet of Ecirriepum {Reflect Will+ SH+5}
   559 | D        | Entered arena 9.
   559 | D        | Noticed a wretched star
   563 | D        | Found a transporter.
   568 | D        | Killed a wretched star
   569 | D        | Reached skill level 14 in Fighting
   761 | D        | Entered arena 10.
   872 | D        | Found a transporter.
   881 | D        | Got the +3 ring mail "Meydag" {rPois Will+ Stlth+}
   892 | D        | Entered arena 11.
   892 | D        | Noticed a wolf spider
   892 | D        | Noticed a tarantella
   892 | D        | Noticed a tarantella
   895 | D        | Killed a tarantella
   896 | D        | Reached skill level 10 in Earth Magic
   896 | D        | Reached XP level 10. HP: 94/94 MP: 17/17
   897 | D        | Killed a wolf spider
   898 | D        | Reached skill level 10 in Evocations
   898 | D        | Found a transporter.
   923 | D        | Entered arena 12.
   923 | D        | Noticed a tormentor
   923 | D        | Noticed a war gargoyle
   923 | D        | Noticed a quicksilver elemental
   923 | D        | Noticed a war gargoyle
   923 | D        | Noticed an ancient champion
   923 | D        | Noticed a war gargoyle
   923 | D        | Noticed an ancient champion
   923 | D        | Noticed an iron dragon
   925 | D        | Noticed a war gargoyle
   929 | D        | Killed from afar by a war gargoyle

Illustrated notes

Levels and vault maps discovered:
D:        sprint_v [room_start, room_1, room_2, room_3, room_4, room_5, room_6,
          room_7, room_8, room_9, room_10, room_11, room_12, room_13, room_14,
          room_15, room_16, room_17, room_18, room_19, room_20, room_21,
          room_22, room_23, room_24, room_25, room_26, room_27]

Skill      XL: |  1  2  3  4  5  6  7  8  9 10 |
---------------+-------------------------------+-----
Fighting       | 6 9 10 11 14 | 14.0
Evocations     | 5 6 10 | 10.0
Axes           | 6 |  6.0
Armour         | 7 |  7.3
Shields        | 8 12 | 12.0
Invocations    | 5 |  5.0
Dodging        | 1 6 |  6.0
Maces & Flails | 6 |  6.9
Earth Magic    | 4 6 10 | 10.0
Spellcasting   | 5 |  5.0

Action                   |  1- 3 |  4- 6 |  7- 9 | 10-12 || total
-------------------------+-------+-------+-------+-------++-------
Melee: Great mace        |     4 |       |    27 |       ||    31
Evoke: Lightning rod     |       |     4 |    13 |     2 ||    19
       Phantom mirror    |       |     1 |     2 |       ||     3
       Wand              |       |     1 |       |       ||     1
       Condenser vane    |       |       |     4 |     1 ||     5
       Phial of floods   |       |       |     1 |       ||     1
  Use: Potion            |     4 |       |       |     2 ||     6
       Scroll            |       |       |     1 |     2 ||     3
 Stab: Paralysed         |       |       |     3 |       ||     3
Armor: Gold dragon scale |    14 |       |    18 |     2 ||    34
Block: Kite shield       |    22 |     2 |    44 |     3 ||    71
